 Dungeon Crawl Stone Soup version 0.24.0-125-gc4c63601f3 (webtiles) character file.

Game seed: 3006524033955951068, levelgen mode: deterministic

137940 Dustman the Severer (level 16, -22/144 (145) HPs)
             Began as a Ghoul Gladiator on Mar 10, 2020.
             Was a High Priest of Ru.
             Shot with a bolt by a yaktaur captain (40 damage)
             ... on level 1 of the Vaults.
             The game lasted 03:21:41 (16195 turns).

Dustman the Severer (Ghoul Gladiator)              Turns: 16195, Time: 03:21:42

HP:   -22/144 (145) AC: 23    Str: 22    XL:     16   Next: 94%
MP:   10/15         EV: 17    Int:  3    God:    Ru [*****.]
Gold: 1766          SH:  0    Dex: 18    Spells: 15/15 levels left

rFire    + . .     SeeInvis .   v - +6 war axe (chop)
rCold    + . .     Gourm    .   (no shield)
rNeg     + + +     Faith    +   a - +1 chain mail {rF+}
rPois    ∞         Spirit   .   c - +1 helmet
rElec    .         Reflect  .   F - +2 cloak
rCorr    +         Harm     .   j - +1 pair of gloves "Cykufod" {Str+2 Dex+3}
MR       +....                  e - +0 pair of boots
Stlth    +.........             D - amulet "Jauwuxt" {Faith rN+}
HPRegen  0.00/turn              y - ring of resist corrosion
MPRegen  0.14/turn              p - +3 ring of evasion

@: exhausted, marked, rotting
A: rotting body, claws 1, carnivore, cold resistance 1, negative energy
resistance 3, inhibited regeneration, torment resistance, unbreathing, inability
to use devices, hated by all, no conjurations magic, no hexes magic, no poison
magic, disrupted magic 1, unskilled 1
}: 1/15 runes: gossamer
a: Sacrifice Essence, Sacrifice Purity, Sacrifice an Eye, Reject Sacrifices,
Draw Out Power, Power Leap, Apocalypse, Renounce Religion


You were on level 1 of the Vaults.
You worshipped Ru.
Ru was extremely pleased with you.
You were not hungry.

You visited 6 branches of the dungeon, and saw 29 of its levels.
You also visited: Ice Cave.

You collected 2374 gold pieces.
You spent 608 gold pieces at shops.

Inventory:

Hand Weapons
 n - a +0 executioner's axe of freezing
 v - a +6 war axe of chopping (weapon)
Missiles
 d - a throwing net (quivered)
Armour
 a - a +1 chain mail of fire resistance (worn)
 c - a +1 helmet (worn)
 e - a +0 pair of boots (worn)
 j - the +1 pair of gloves "Cykufod" (worn) {Str+2 Dex+3}
   (You bought it in a shop on level 2 of the Orcish Mines)

   It affects your strength (+2).
   It affects your dexterity (+3).
 w - +0 ice dragon scales
 F - a +2 cloak (worn)
Jewellery
 h - an uncursed ring of protection from cold
 p - a +3 ring of evasion (right hand)
 y - a ring of resist corrosion (left hand)
 D - the amulet "Jauwuxt" (around neck) {Faith rN+}
   (You found it on level 4 of the Spider Nest)

   [amulet of faith]

   It allows you to gain divine favour quickly.
   It protects you from negative energy.
Scrolls
 b - a scroll of torment
 i - 12 scrolls of identify
 k - 5 scrolls of enchant armour
 m - 8 scrolls of remove curse
 o - 11 scrolls of teleportation
 q - 2 scrolls of immolation
 t - 8 scrolls of blinking
 x - a scroll of magic mapping
 E - a scroll of fear
 I - 3 scrolls of enchant weapon
 J - 3 scrolls of fog
Potions
 g - 4 potions of flight
 l - a potion of haste
 r - 2 potions of might
 u - 3 potions of brilliance
 z - 2 potions of invisibility
 A - 3 potions of curing
 G - 3 potions of magic
 K - 2 potions of ambrosia
Comestibles
 f - 27 rations
 s - 10 chunks of flesh


   Skills:
 + Level 13.6 Fighting
 * Level 15.9 Axes
 - Level 1.5 Throwing
 + Level 11.6 Armour
 + Level 9.3 Dodging
 - Level 8.0 Stealth


You had 15 spell levels left.
You didn't know any spells.
Your spell library contained the following spells:

 Spells                   Type           Power        Failure   Level  Hunger
 Apportation              Tloc           #.....       99%         1    ##.....
 Pain                     Necr           #...         99%         1    ##.....
 Blink                    Tloc           N/A          99%         2    ###....
 Gell's Gravitas          Tloc           #.........   100%        3    ####...
 Lesser Beckoning         Tloc           #.........   100%        3    ####...
 Ozocubu's Armour         Chrm/Ice       #.......     100%        3    ####...
 Regeneration             Chrm/Necr      #.........   100%        3    ####...
 Vampiric Draining        Necr           #.........   100%        3    ####...
 Deflect Missiles         Chrm/Air       #.........   100%        6    #######
 Animate Skeleton         Necr           Unusable     N/A         1    N/A
 Beastly Appendage        Tmut           Unusable     N/A         1    N/A
 Magic Dart               Conj           Unusable     N/A         1    N/A
 Summon Butterflies       Summ           Unusable     N/A         1    N/A
 Call Imp                 Summ           Unusable     N/A         2    N/A
 Slow                     Hex            Unusable     N/A         2    N/A
 Sticks to Snakes         Tmut           Unusable     N/A         2    N/A
 Conjure Flame            Conj/Fire      Unusable     N/A         3    N/A
 Mephitic Cloud           Conj/Pois/Air  Unusable     N/A         3    N/A
 Spider Form              Tmut/Pois      Unusable     N/A         3    N/A
 Tukima's Dance           Hex            Unusable     N/A         3    N/A
 Animate Dead             Necr           Unusable     N/A         4    N/A
 Cause Fear               Hex            Unusable     N/A         4    N/A
 Force Lance              Conj/Tloc      Unusable     N/A         4    N/A
 Ice Form                 Ice/Tmut       Unusable     N/A         4    N/A
 Alistair's Intoxication  Tmut/Pois      Unusable     N/A         5    N/A
 Blade Hands              Tmut           Unusable     N/A         5    N/A
 Silence                  Hex/Air        Unusable     N/A         5    N/A
 Yara's Violent Unravell  Hex/Tmut       Unusable     N/A         5    N/A
 Invisibility             Hex            Unusable     N/A         6    N/A
 Discord                  Hex            Unusable     N/A         8    N/A

Dungeon Overview and Level Annotations

Branches:
Dungeon (15/15)            Temple (0/1) D:7            Lair (6/6) D:9
 Shoals (1/4) Lair:2       Spider (4/4) Lair:2          Orc (2/2) D:9
    Elf (0/3) Orc:2        Vaults (1/5) D:13          IceCv (visited)
  Slime: Lair:5-6    Depths: D:15

Altars:
Ashenzari
Dithmenos
Elyvilon
Fedhas
Makhleb
Okawaru
Ru
Uskayaw
Vehumet
Wu Jian
Xom
Yredelemnul
Beogh

Shops:
D:4 :*=!   D:7 ?   Orc:1 ?   Orc:2 ([?!

Annotations:
D:14 1 runed translucent door
Lair:2 3 runed translucent doors, Ciovowug's ghost, journeyman DrTm
Spider:2 Kirke
Vaults:1 Asterion


Innate Abilities, Weirdness & Mutations

Your body is rotting away.
You thrive on raw meat.
You are immune to poison.
You have sharp fingernails.
You are carnivorous and can eat meat at any time.
Your flesh is cold resistant. (rC+)
You are immune to negative energy. (rN+++)
You do not regenerate when monsters are visible.
You are immune to unholy pain and torment.
You can survive without breathing.
You cannot study or use magical devices.
You are hated by all.
You cannot study or cast Conjurations magic.
You cannot study or cast Hexes magic.
You cannot study or cast Poison magic.
Your casting is slightly disrupted.
You are somewhat unskilled. (-1 Apt)


Message History

You completely miss the yaktaur captain.
A deep troll zombie comes into view.
You redirect the yaktaur captain's attack!
The yaktaur captain hits the fire dragon!
You barely miss the deep troll.
The deep troll is lightly wounded.
You barely miss the deep elf mage.
You completely miss the yaktaur captain.
The orc knight hits you from afar with a +0 bardiche!
* * * LOW HITPOINT WARNING * * *
The deep elf mage completely misses you.
You redirect the yaktaur's attack!
The yaktaur wields a cursed -1 arbalest.
The yaktaur shoots a bolt.
Asterion blocks the bolt.
Aiming: Power Leap
Press: ? - help, Dir - move target cursor 2 orcs and an orc warrior come into view.
The yaktaur captain wields a +0 arbalest.
The yaktaur captain shoots a bolt.
The bolt hits you!!!
You die...

# .. ... ....
##### .....
##.#.##
.....o##^.../##
.....ooDo.....#
.....o##c.@..##
...Z.Z).e(....#
Z..Z.Z##T.(.:##
..... ##H#.##
.... #(### ...
.1c ## ....
#..... ...


You could see Asterion, a fire dragon, a yaktaur captain, an Executioner, a deep
troll, a deep elf mage, an orc warrior, an orc wizard, an orc warrior
simulacrum, an ironheart preserver simulacrum, 2 orcs, a storm dragon zombie and
a yaktaur captain zombie.

Vanquished Creatures
  Saint Roka (Orc:2)
  Arachne (Spider:3)
  3 ghost moths (Spider:4)
  2 emperor scorpions (Spider:4)
  A very ugly thing (D:15)
  A spark wasp (Spider:4)
  A great orb of eyes (D:15)
  A vault guard (D:13)
  A hydra (D:8)
  6 centaur warriors
  A merfolk aquamancer (Shoals:1)
  5 death yaks
  10 two-headed ogres
  2 ogre magi (D:15)
  2 tengu warriors
  2 orc high priests (Orc:2)
  A deep elf knight (D:15)
  An unseen horror (D:14)
  A wizard (Vaults:1)
  An ironbrand convoker (Vaults:1)
  15 orb spiders
  2 manticores (D:11)
  A mana viper (shapeshifter) (Vaults:1)
  2 orc sorcerers (Orc:2)
  26 wolf spiders
  2 ugly things (IceCv)
  4 cyclopes
  A vault sentinel (Vaults:1)
  4 elephants
  Maurice (D:11)
  3 ice statues (IceCv)
  5 black mambas
  5 centaur zombies
  Psyche (D:11)
  2 gargoyles
  20 spiny frogs
  6 yaktaurs
  8 komodo dragons
  4 rime drakes
  7 trolls
  A freezing wraith (D:15)
  16 demonic crawlers
  18 jumping spiders
  2 tyrant leeches (Lair:6)
  A meliai (shapeshifter) (D:15)
  A hornet (shapeshifter) (D:15)
  15 blink frogs
  9 hornets
  A raiju (shapeshifter) (D:13)
  4 slime creatures (D:14)
  2 dream sheep (D:8)
  12 hippogriffs
  Sigmund (D:5)
  29 tarantellas
  5 yaks
  2 shadows (D:15)
  A wyvern (D:13)
  65 redbacks
  11 humans (D:13)
  A basilisk (D:15)
  8 water elementals
  A hog (Spider:1)
  19 vampire mosquitoes
  2 wargs
  10 water moccasins
  2 acid dragons
  8 porcupines
  A slave (D:4)
  2 black bears
  3 sky beasts
  11 ice beasts
  17 orc warriors
  3 phantoms
  9 ogres
  17 centaurs
  13 crocodiles
  3 big kobolds (D:8)
  19 bullfrogs
  A gnoll sergeant (D:7)
  5 scorpions (D:7)
  A wyvern skeleton (D:9)
  6 killer bees (D:10)
  A water moccasin skeleton (D:7)
  4 jellies
  7 wights
  A howler monkey (D:5)
  11 electric eels
  3 crimson imps
  3 bullfrog zombies
  12 hounds
  A quasit (D:10)
  23 orc priests
  2 bullfrog skeletons
  An iguana (D:6)
  Jessica (D:2)
  25 orc wizards
  2 hell rats (Lair:6)
  6 worker ants
  Ijyb (D:4)
  9 gnolls
  10 river rats (Lair:6)
  12 adders
  A shadow imp (D:5)
  An adder zombie (D:6)
  5 worms
  2 dart slugs
  4 leopard geckos
  68 orcs
  A bat (D:3)
  A giant cockroach (D:1)
  2 goblins
  3 hobgoblins
  12 jackals
  6 kobolds
  3 quokkas
  A ball python (D:1)
  3 frilled lizards
  A leopard gecko skeleton (D:7)
  2 quokka skeletons (D:8)
  A quokka zombie (D:9)
  4 rats
  A fungus (Lair:5)
  2 plants
780 creatures vanquished.

Vanquished Creatures (others)
  An unseen horror (D:15)
  A deep troll (D:15)
  A wolf spider (Spider:4)
  A komodo dragon (Lair:5)
  A yaktaur (D:15)
  A troll (D:11)
  2 jumping spiders
  A tyrant leech (Lair:6)
  A slime creature (D:14)
  A redback (Spider:1)
  An orc warrior (D:15)
  A centaur (D:15)
  A bullfrog (D:15)
  A crimson imp (D:11)
  An orc priest (Orc:2)
  An orc (D:15)
  15 fungi
  31 plants
63 creatures vanquished.

Grand Total: 843 creatures vanquished

Notes
Turn   | Place    | Note
-------+----------+-------------------------------------------
     0 | D:1      | Dustman the Ghoul Gladiator began the quest for the Orb.
     0 | D:1      | Reached XP level 1. HP: 17/17 MP: 0/0
    82 | D:1      | Reached XP level 2. HP: 14/25 MP: 1/1
   157 | D:1      | Reached skill level 3 in Axes
   180 | D:2      | Found a faded altar of an unknown god.
   244 | D:2      | Noticed Jessica
   246 | D:2      | Killed Jessica
   246 | D:2      | Reached skill level 1 in Armour
   246 | D:2      | Reached XP level 3. HP: 28/30 MP: 2/2
   357 | D:3      | Reached XP level 4. HP: 22/37 MP: 3/3
   619 | D:2      | Found a shadowy altar of Dithmenos.
   683 | D:4      | Found Jeivoa's Book Emporium.
   693 | D:4      | Found Pidiez's Book Shop.
   859 | D:4      | Reached XP level 5. HP: 27/45 MP: 4/4
   861 | D:4      | Reached skill level 4 in Axes
   928 | D:4      | Found Kolojan's Assorted Antiques.
   971 | D:4      | Found Luc Suff's Distillery.
   973 | D:4      | Noticed a slave
   977 | D:4      | Noticed Ijyb
   979 | D:4      | Bought a potion of might for 52 gold pieces
  1010 | D:4      | Killed Ijyb
  1028 | D:4      | Killed a slave
  1128 | D:4      | Found Yrod's Jewellery Shoppe.
  1177 | D:5      | Entered Level 5 of the Dungeon
  1188 | D:5      | Reached XP level 6. HP: 46/51 MP: 5/5
  1330 | D:6      | Found a shattered altar of Ashenzari.
  1364 | D:6      | Reached XP level 7. HP: 42/58 MP: 6/6
  1377 | D:6      | Found a hide-covered altar of Uskayaw.
  1384 | D:6      | Reached skill level 5 in Axes
  1484 | D:5      | Found a sacrificial altar of Ru.
  1527 | D:5      | Noticed Sigmund
  1554 | D:5      | Killed Sigmund
  1582 | D:5      | Reached XP level 8. HP: 55/67 MP: 7/7
  1669 | D:5      | Found a radiant altar of Vehumet.
  1671 | D:5      | Found an ornate altar of the Wu Jian Council.
  1674 | D:5      | Found a basalt altar of Yredelemnul.
  1714 | D:5      | Became a worshipper of Ru the Awakened
  1775 | D:6      | Reached skill level 5 in Fighting
  1775 | D:6      | Reached skill level 6 in Axes
  2288 | D:6      | Reached skill level 5 in Dodging
  2386 | D:7      | Reached skill level 7 in Axes
  2386 | D:7      | Reached XP level 9. HP: 67/75 MP: 8/8
  2795 | D:7      | Reached skill level 5 in Armour
  2797 | D:7      | Found a white marble altar of Elyvilon.
  2844 | D:7      | Reached skill level 8 in Axes
  2952 | D:6      | Gained mutation: You are hated by all. [Ru sacrifice]
  2952 | D:6      | Reached * piety under Ru
  2982 | D:7      | Got a jewelled flail
  3028 | D:7      | Found a staircase to the Ecumenical Temple.
  3084 | D:7      | Found Jucinob's Magic Scroll Shoppe.
  3087 | D:7      | Bought a scroll of blinking for 75 gold pieces
  3197 | D:7      | Found a burning altar of Makhleb.
  3229 | D:7      | Identified the +3 flail "Ynuipt" {venom, rF+ MR+ Int+2
                  | Dex+2} (You found it on level 7 of the Dungeon)
  3357 | D:8      | Reached XP level 10. HP: 63/84 MP: 9/9
  3425 | D:8      | Noticed a deep elf mage
  3493 | D:8      | Noticed a three-headed hydra
  3510 | D:8      | Killed a three-headed hydra
  3510 | D:8      | Reached skill level 9 in Axes
  3982 | D:9      | Found an ornate altar of the Wu Jian Council.
  3982 | D:9      | Found a shimmering altar of Xom.
  3982 | D:9      | Found a burning altar of Makhleb.
  3982 | D:9      | Found a shimmering altar of Xom.
  3996 | D:9      | Noticed a tengu warrior
  3996 | D:9      | Noticed a two-headed ogre
  4035 | D:9      | Found a staircase to the Orcish Mines.
  4096 | D:8      | Found a blossoming altar of Fedhas.
  4154 | D:10     | Entered Level 10 of the Dungeon
  4234 | D:10     | Gained mutation: You are somewhat unskilled. (-1 Apt) [Ru
                  | sacrifice]
  4234 | D:10     | Reduced skill Axes to level 8
  4234 | D:10     | Reduced skill Armour to level 5
  4234 | D:10     | Reached ** piety under Ru
  4234 | D:10     | Reached *** piety under Ru
  4395 | D:11     | Noticed a manticore
  4408 | D:11     | Killed a manticore
  4464 | D:10     | Reached skill level 9 in Axes
  4530 | D:10     | Reached XP level 11. HP: 57/93 MP: 10/10
  4602 | D:9      | Found a staircase to the Lair.
  4602 | D:9      | Noticed a cyclops
  4623 | D:9      | Killed a cyclops
  4633 | D:9      | Noticed a cyclops
  4644 | D:9      | Killed a cyclops
  4816 | D:9      | Killed a tengu warrior
  5097 | D:9      | Found a shimmering altar of Xom.
  5107 | D:9      | Found a shimmering altar of Xom.
  5114 | D:9      | Found a shimmering altar of Xom.
  5123 | D:9      | Found a shimmering altar of Xom.
  5212 | D:9      | Identified the Reference Book on Lucky Translocation
  5272 | Lair:1   | Entered Level 1 of the Lair of Beasts
  5306 | Lair:1   | Reached skill level 10 in Axes
  5426 | Lair:2   | Found a runed translucent gate.
  5426 | Lair:2   | Found a runed translucent gate.
  5426 | Lair:2   | Found a runed translucent gate.
  5433 | Lair:2   | Noticed a spectral death yak
  5433 | Lair:2   | Noticed Ciovowug's ghost (journeyman DrTm)
  5455 | Lair:2   | Found a hole to the Spider Nest.
  5598 | Lair:2   | Got a polished whip
  5668 | Lair:2   | Identified the +4 whip of Tomorrow {flame, MP+9 Int+3
                  | Dex-4} (You found it on level 2 of the Lair of Beasts)
  5682 | Lair:2   | Found a staircase to the Shoals.
  5714 | Lair:2   | You fall into a shaft and drop 1 floor!
  5853 | Lair:5   | Reached XP level 12. HP: 99/103 MP: 11/11
  6073 | Lair:5   | Reached skill level 11 in Axes
  6235 | Lair:6   | Entered Level 6 of the Lair of Beasts
  6235 | Lair:6   | Noticed a death yak
  6235 | Lair:6   | Noticed a death yak
  6235 | Lair:6   | Noticed a death yak
  6235 | Lair:6   | Noticed a death yak
  6235 | Lair:6   | Noticed a death yak
  6631 | Lair:6   | Reached skill level 10 in Fighting
  6800 | Lair:6   | Reached skill level 12 in Axes
  6829 | Lair:6   | Reached skill level 1 in Stealth
  6948 | Lair:6   | Reached XP level 13. HP: 87/113 MP: 12/12
  8108 | Orc:1    | Entered Level 1 of the Orcish Mines
  8154 | Orc:1    | Found a radiant altar of Vehumet.
  8321 | Orc:2    | Entered Level 2 of the Orcish Mines
  8419 | Orc:2    | Found a roughly hewn altar of Beogh.
  8485 | Orc:2    | Found a roughly hewn altar of Beogh.
  8498 | Orc:2    | Gained mutation: You cannot study or cast Poison magic. [Ru
                  | sacrifice]
  8498 | Orc:2    | Gained mutation: You cannot study or cast Hexes magic. [Ru
                  | sacrifice]
  8498 | Orc:2    | Gained mutation: You cannot study or cast Conjurations
                  | magic. [Ru sacrifice]
  8498 | Orc:2    | Reached **** piety under Ru
  8627 | Orc:1    | Found Yczit's Magic Scroll Boutique.
  8657 | Orc:2    | Found a roughly hewn altar of Beogh.
  8697 | Orc:2    | Found Ygres's Distillery.
  8748 | Orc:2    | Found a roughly hewn altar of Beogh.
  8787 | Orc:2    | Found a staircase to the Elven Halls.
  8932 | Orc:2    | Reached skill level 13 in Axes
  8959 | Orc:2    | Found a roughly hewn altar of Beogh.
  8995 | Orc:2    | Found a roughly hewn altar of Beogh.
  9001 | Orc:2    | Found Varriu's Magic Scroll Emporium.
  9010 | Orc:2    | Reached skill level 5 in Stealth
  9366 | Orc:2    | Noticed Saint Roka
  9438 | Orc:2    | Killed Saint Roka
  9438 | Orc:2    | Reached XP level 14. HP: 48/124 MP: 9/13
  9483 | Orc:2    | Found Wauwidu's Antique Weapon Boutique.
  9485 | Orc:2    | Found a roughly hewn altar of Beogh.
  9489 | Orc:2    | Found Estrafr Loet's Antique Armour Shop.
  9502 | Orc:2    | Bought a pair of ancient gloves for 247 gold pieces
  9548 | Orc:1    | Identified the +1 pair of gloves "Cykufod" {Str+2 Dex+3}
                  | (You bought it in a shop on level 2 of the Orcish Mines)
  9647 | Orc:2    | Bought a blackened scale mail for 234 gold pieces
  9681 | Orc:1    | Identified the cursed +0 scale mail of Vauss {Slay+3} (You
                  | bought it in a shop on level 2 of the Orcish Mines)
  9882 | Lair:2   | Got an encrusted scale mail
 10082 | Lair:2   | Identified the +0 scale mail of Ydusydwo {rElec Int+4} (You
                  | found it on level 2 of the Lair of Beasts)
 10099 | Spider:1 | Entered Level 1 of the Spider Nest
 10154 | Lair:2   | Gained mutation: Your casting is slightly disrupted. [Ru
                  | sacrifice]
 10842 | Spider:1 | Reached skill level 10 in Armour
 11098 | Spider:2 | Noticed Arachne
 11165 | Spider:2 | Reached skill level 14 in Axes
 11180 | Spider:2 | Noticed Kirke
 11266 | Spider:3 | Killed Arachne
 11266 | Spider:3 | Reached XP level 15. HP: 18/131 MP: 10/14
 11323 | Spider:2 | Noticed an emperor scorpion
 11541 | Spider:4 | Entered Level 4 of the Spider Nest
 11713 | Spider:4 | Killed a ghost moth
 11960 | Spider:4 | Got a sparkling ruby amulet
 11961 | Spider:4 | Identified the amulet "Jauwuxt" {Faith rN+} (You found it
                  | on level 4 of the Spider Nest)
 12106 | Spider:4 | Noticed an emperor scorpion
 12764 | Spider:4 | Noticed an emperor scorpion
 13408 | Spider:4 | Got a jewelled ring mail
 13409 | Spider:4 | Identified the +3 ring mail "Otatoz" {Int+2} (You found it
                  | on level 4 of the Spider Nest)
 13421 | Spider:4 | Noticed a ghost moth
 13424 | Spider:4 | Killed a ghost moth
 13450 | Spider:4 | Noticed an emperor scorpion
 13450 | Spider:4 | Noticed an emperor scorpion
 13478 | Spider:4 | Killed an emperor scorpion
 13511 | Spider:4 | Killed an emperor scorpion
 13613 | Spider:4 | Killed a ghost moth
 13613 | Spider:4 | Reached skill level 15 in Axes
 13642 | Spider:4 | Reached XP level 16. HP: 141/141 MP: 15/15
 13686 | Spider:4 | Got a gossamer rune of Zot
 13801 | Shoals:1 | Entered Level 1 of the Shoals
 14092 | D:11     | Noticed Maurice
 14102 | D:11     | Killed Maurice
 14112 | D:11     | Noticed Psyche
 14132 | D:11     | Killed Psyche
 14176 | D:11     | Found an iron altar of Okawaru.
 14402 | D:12     | Found a blossoming altar of Fedhas.
 14908 | D:15     | Entered Level 15 of the Dungeon
 15239 | D:15     | Paralysed by a great orb of eyes for 7 turns
 15316 | D:15     | Gained mutation: You cannot study or use magical devices.
                  | [Ru sacrifice]
 15316 | D:15     | Reached ***** piety under Ru
 15384 | D:15     | Found a frozen archway.
 15401 | IceCv    | Entered an ice cave
 15763 | D:15     | Found a basalt altar of Yredelemnul.
 15924 | D:14     | Found a runed translucent door.
 16134 | D:13     | Found a gate to the Vaults.
 16159 | Vaults:1 | Entered Level 1 of the Vaults
 16185 | Vaults:1 | Noticed Asterion
 16195 | Vaults:1 | Noticed an Executioner
 16195 | Vaults:1 | Shot with a bolt by a yaktaur captain

Levels and vault maps discovered:
D:1:      wander_arrival_lonely_grave, layout_basic, serial_forest,
          infiniplex_forest_clump_tiny, infiniplex_forest_lined_2,
          infiniplex_forest_straight_3, infiniplex_forest_clump_tiny,
          infiniplex_forest_straight_5, infiniplex_forest_clump_curved,
          infiniplex_forest_straight_3, infiniplex_forest_lined_3_way,
          infiniplex_forest_lined_room_2, minmay_bisected
D:2:      minmay_evil_eye, layout_loops_ring, led_sif_pool,
          nicolae_overflow_crystal_walls, cheibriados_altar_1,
          chequers_ecumenical_altar_simple_redux, uniq_jessica
D:3:      layout_basic, first_ration, minivault_24,
          nicolae_dithmenos_through_a_glass_darkly
D:4:      layout_basic, serial_shops, shop, shop, kennysheep_mini, shop_statue,
          shop, uniq_pikel, uniq_crazy_yiuf_cottage, uniq_ijyb
D:5:      layout_basic, minitemple, uniq_sigmund
D:6:      layout_basic, eat_drink_and_be_merry_uskayaw,
          ashenzari_conservatory_becter
D:7:      layout_loops_ring, old_standard_altar, makhleb_heckhound_becter,
          minmay_temple_entry_tees, serial_shops, nicolae_shop_crystal
D:8:      layout_gridville, nicolae_overflow_hidden_temple, special_room
          [special_room_orc], hangedman_ranch [blue_anna_fruit_fields],
          dk_noncrumbling_3, guppyfry_early_elven_hall
D:9:      minmay_the_grid_octo_triangle [minmay_the_grid_octo_concentric,
          minmay_the_grid_octo_prize_square_snowflake,
          minmay_the_grid_octo_shrine], layout_irregular_city, xom_redecorated,
          lair_entry_dummy, orc_0_dummy
D:10:     wad_woods_tower, layout_basic
D:11:     layout_roguey, okawaru_ov_weapons_minmay, uniq_maurice, uniq_psyche
D:12:     layout_basic, fedhas_altar_1
D:13:     layout_irregular_city, ximxim_vaults_locker_room
D:14:     layout_basic, kennysheep_treasure_room, uniq_louise
D:15:     hangedman_depths_entry_civil_slaughter, layout_basic,
          portal_ice_cave_entry_pillars_1, yredelemnul_altar_generic,
          minivault_28
Lair:1:   layout_cave_pods
Lair:2:   layout_roguey, elwin_shoals_entry_rocks,
          nicolae_spider_entry_tight_spaces, gammafunk_ghost_necromancy,
          infiniplex_staircase_pool_2
Lair:3:   layout_regular_city, chequers_serial_rivers_micro_c, lemuel_fruit_tree
Lair:4:   layout_cave_pods
Lair:5:   layout_cave_pods, minmay_stone_trees_small, minmay_lair_oklob_items,
          lemuel_fruit_fields, grunt_megastairs_4
Lair:6:   minmay_lair_end_frog_pond, layout_gridlike,
          minmay_slime_entry_oklob_enclosed, kennysheep_rathole
Shoals:1: layout_shoals, lightli_airlock
Spider:1: layout_spider_delve
Spider:2: layout_spider_delve, drop_trap, nicolae_spider_ant_collections,
          uniq_arachne, uniq_kirke
Spider:3: layout_spider_delve
Spider:4: guppyfry_spider_rune
Orc:1:    layout_diamond_mine, basic_altar, serial_shops, nicolae_shop_stone
Orc:2:    grunt_orc_community_town_hall, layout_diamond_mine,
          grunt_orc_community_big_house_1, grunt_orc_community_big_house_2,
          grunt_orc_community_house_1, grunt_orc_community_house_3,
          grunt_orc_community_house_2, grunt_orc_community_house_3,
          grunt_orc_community_house_2
Vaults:1: grunt_vaults_focal, nicolae_vaults_alarming,
          hangedman_vaults_restitches, hangedman_vaults_stitches,
          hangedman_vaults_slice, grunt_vaults_diagonal, v_pattern_4,
          vaults_room_ringed_pool, sword_in_stone, nicolae_vaults_circle_grid_b,
          v_misc_12, nicolae_vaults_shelves_hall, layout_vaults_maze_snakey,
          uniq_saint_roka

Skill      XL: |  1  2  3  4  5  6  7  8  9 10 11 12 13 14 15 16 |
---------------+-------------------------------------------------+-----
Axes           | 3 4 5 7 8 9 10 12 13 14 15 | 15.9
Armour         | 1 2 3 4 5 6 7 8 9 10 11 | 11.6
Dodging        | 3 4 5 6 7 8 9 |  9.3
Fighting       | 3 4 5 7 9 10 11 12 13 | 13.6
Stealth        | 1 5 7 8 |  8.0
Throwing       | |  1.5

Action                   |  1- 3 |  4- 6 |  7- 9 | 10-12 | 13-15 | 16-18 || total
-------------------------+-------+-------+-------+-------+-------+-------++-------
Melee: War axe           |    61 |   182 |   513 |   838 |  1260 |   581 ||  3435
       Flail             |       |       |       |    11 |       |       ||    11
Throw: Throwing net      |       |       |     1 |     4 |     2 |       ||     7
Invok: Sacrifice Love    |       |       |     1 |       |       |       ||     1
       Sacrifice Skill   |       |       |       |     1 |       |       ||     1
       Draw Out Power    |       |       |       |     2 |     5 |     1 ||     8
       Reject Sacrifices |       |       |       |     1 |     1 |       ||     2
       Power Leap        |       |       |       |       |     5 |     5 ||    10
       Sacrifice Arcana  |       |       |       |       |     1 |       ||     1
       Sacrifice Essence |       |       |       |       |     1 |       ||     1
       Sacrifice Artific |       |       |       |       |       |     1 ||     1
Evoke: Wand              |       |       |       |       |    26 |    12 ||    38
       Lamp of fire      |       |       |       |       |     2 |     1 ||     3
  Use: Scroll            |     1 |     5 |     3 |    14 |    10 |     3 ||    36
       Potion            |       |     1 |     3 |     4 |    11 |     1 ||    20
 Stab: Held in net/web   |       |       |     1 |       |     3 |       ||     4
       Invisible         |       |       |       |     6 |    26 |    13 ||    45
       Distracted        |       |       |       |     2 |     4 |     4 ||    10
       Paralysed         |       |       |       |       |     6 |     7 ||    13
       Sleeping          |       |       |       |       |     4 |     1 ||     5
  Eat: Chunk             |     4 |    21 |    39 |   139 |   229 |    65 ||   497
       Ration            |       |       |       |       |     1 |     1 ||     2
Armor: Leather armour    |    14 |    14 |       |       |       |       ||    28
       Scale mail        |       |    44 |   225 |       |       |       ||   269
       Ring mail         |       |     4 |       |       |       |       ||     4
       Plate armour      |       |       |    14 |   639 |    88 |       ||   741
       Ice dragon scales |       |       |       |     9 |   606 |    28 ||   643
       Chain mail        |       |       |       |       |    23 |   148 ||   171
Dodge: Dodged            |    43 |   149 |   316 |   496 |  1114 |   386 ||  2504
